 Dungeon Crawl Stone Soup version 0.27.1-3-gb3d3a73c9e (webtiles) character file.

Game seed: 8964415681426320448

370025 bnorton916 the Thanatomancer (level 21, 0/123 HPs)
             Began as a Deep Elf Conjurer on Oct 13, 2021.
             Was an Initiate of Gozag.
             Slain by Mennas (12 damage)
             ... on level 3 of the Vaults on Oct 14, 2021.
             The game lasted 04:10:20 (107695 turns).

bnorton916 the Thanatomancer (Deep Elf Conjurer)  Turns: 107695, Time: 04:10:21

Health: 0/123      AC: 31    Str: 14    XL:     21   Next: 67%
Magic:  7/50       EV: 27    Int: 29    God:    Gozag
Gold:   4233       SH:  6    Dex: 17    Spells: 3/48 levels left

rFire    + . .     SeeInvis +   l - +7 scimitar of Greed {vorpal, Fly rElec Str+7}
rCold    . . .     Faith    .   u - +1 buckler
rNeg     + . .     Spirit   .   M - +6 pearl dragon scales
rPois    +         Reflect  .   j - +2 hat {Will+}
rElec    +         Harm     .   r - scarf {repulsion}
rCorr    .         Rampage  .   i - +1 pair of gloves {Stlth+}
Will     ++++.                  Y - +0 pair of boots of Grot {MP+9 Dex+4}
Stlth    +++.......             X - amulet of the acrobat
HPRegen  0.30/turn              U - ring "Baerchusa" {rElec AC+4}
MPRegen  0.32/turn              F - ring "Edakefunki" {rPois rF+ Will+ Str-2 SInv}

@: acrobatic, flying, glowing, studying 2 skills, silenced, repel missiles
A: antennae 1, hooves 1, poison resistance
}: 2/15 runes: serpentine, barnacled
a: Renounce Religion


You were on level 3 of the Vaults.
You worshipped Gozag.
Gozag was most pleased with you.
You visited 8 branches of the dungeon, and saw 39 of its levels.
You also visited: Gauntlet and Volcano.

You collected 18515 gold pieces.
You spent 9062 gold pieces at shops.
You paid 5220 gold pieces to Gozag.

Inventory:

Hand Weapons
 l - the +7 scimitar of Greed (weapon) {vorpal, Fly rElec Str+7}
   (You found it on level 4 of the Lair of Beasts)

   It inflicts extra damage upon your enemies.
   Str:       It affects your strength (+7).
   rElec:     It insulates you from electricity.
   Fly:       It grants you flight.
Missiles
 m - 4 throwing nets (quivered)
Armour
 i - a +1 pair of gloves of stealth (worn)
 j - a +2 hat of willpower (worn)
 r - a scarf of repulsion (worn)
 u - a +1 buckler (worn)
 y - a +1 cloak
 M - +6 pearl dragon scales (worn)
 T - a scarf of resistance
 Y - the +0 pair of boots of Grot (worn) {MP+9 Dex+4}
   (You found it on level 11 of the Dungeon)

   Dex:       It affects your dexterity (+4).
   MP:        It affects your magic capacity (+9).
Magical Staves
 b - a staff of poison
 f - a staff of conjuration
Jewellery
 F - the ring "Edakefunki" (right hand) {rPois rF+ Will+ Str-2 SInv}
   (You bought it in a shop on level 1 of the Lair of Beasts)

   [ring of poison resistance]

   Str:       It affects your strength (-2).
   rF:        It protects you from fire.
   rPois:     It protects you from poison.
   SInv:      It lets you see invisible.
   Will:      It increases your willpower.
 H - a ring of wizardry
 S - the ring "Vacosola" {rPois rF+ Will+}
   (You took it off a deep elf archer on level 3 of the Elven Halls)

   [ring of willpower]

   rF:        It protects you from fire.
   rPois:     It protects you from poison.
   Will:      It increases your willpower.
 U - the ring "Baerchusa" (left hand) {rElec AC+4}
   (You took it off a deep elf high priest on level 3 of the Elven Halls)

   [ring of protection]

   AC:        It affects your AC (+4).
   rElec:     It insulates you from electricity.
 X - an amulet of the acrobat (around neck)
 Z - the amulet "Peapt" {RegenMP rN+ rCorr Slay-3}
   (You took it off a deep elf demonologist on level 3 of the Elven Halls)

   [amulet of magic regeneration]

   It increases your rate of magic regeneration.
   Slay:      It affects your accuracy & damage with ranged weapons and melee
   (-3).
   rN:        It protects you from negative energy.
   rCorr:     It protects you from acid and corrosion.
Wands
 o - a wand of digging (4)
 x - a wand of acid (17)
 E - a wand of paralysis (9)
 G - a wand of flame (109)
 I - a wand of charming (28)
 J - a wand of mindburst (39)
 N - a wand of iceblast (60)
 R - a wand of polymorph (15)
Scrolls
 a - a scroll of summoning
 c - a scroll of enchant weapon
 h - 11 scrolls of amnesia
 p - 2 scrolls of blinking
 q - 4 scrolls of fog
 s - 13 scrolls of teleportation
 t - 4 scrolls of magic mapping
 L - 4 scrolls of fear
 O - a scroll of enchant armour
Potions
 d - 10 potions of heal wounds
 g - 19 potions of curing
 k - 4 potions of invisibility
 n - 4 potions of magic
 w - 4 potions of cancellation
 z - 3 potions of berserk rage
 A - 6 potions of might
 B - 7 potions of lignification
 C - 2 potions of resistance
 D - 7 potions of brilliance
 K - 3 potions of haste


   Skills:
 - Level 10.4 Fighting
 + Level 8.7 Polearms
 - Level 14.0 Throwing
 - Level 11.0 Armour
 - Level 6.0 Dodging
 - Level 16.8 Stealth
 - Level 4.0 Shields
 - Level 14.2 Spellcasting
 - Level 17.9 Conjurations
 - Level 4.3 Hexes
 + Level 22.8 Necromancy
 - Level 3.6 Translocations
 + Level 3.1 Fire Magic
 - Level 5.0 Ice Magic
 - Level 2.0 Air Magic
 - Level 14.7 Earth Magic
 + Level 11.0 Evocations


You had 3 spell levels left.
You knew the following spells:

 Your Spells              Type           Power      Damage    Failure   Level
a - Magic Dart            Conj           100%       1d8       0%          1
b - Searing Ray           Conj           100%       3d7       0%          2
c - Fulminant Prism       Conj/Hex       35%        3d18      1%          4
d - Iskenderun's Mystic   Conj/Tloc      70%        2d14      1%          4
e - Iron Shot             Conj/Erth      43%        9d8       1%          6
f - Orb of Destruction    Conj           45%        9d15      4%          7
g - Tukima's Dance        Hex            45%        N/A       4%          3
h - Freezing Cloud        Conj/Ice/Air   31%        6-21      9%          5
i - Foxfire               Conj/Fire      100%       2x1d9     1%          1
j - Infestation           Necr           50%        N/A       5%          8
k - Dispel Undead         Necr           100%       3d31      0%          4

Your spell library contained the following spells:

 Spells                   Type           Power      Damage    Failure   Level
 Animate Skeleton         Necr           100%       N/A       0%          1
 Pain                     Necr           100%       1d9       0%          1
 Corona                   Hex            50%        N/A       1%          1
 Sandblast                Erth           100%       2d20      1%          1
 Shock                    Conj/Air       100%       1d9       1%          1
 Corpse Rot               Necr/Air       N/A        N/A       1%          2
 Passwall                 Tmut/Erth      49%        N/A       1%          2
 Static Discharge         Conj/Air       68%        N/A       1%          2
 Conjure Flame            Conj/Fire      69%        6-21      1%          3
 Dazzling Flash           Conj/Hex       100%       N/A       1%          3
 Mephitic Cloud           Conj/Pois/Air  56%        N/A       1%          3
 Stone Arrow              Conj/Erth      100%       3d13      1%          3
 Apportation              Tloc           82%        N/A       2%          1
 Ensorcelled Hibernation  Hex/Ice        94%        N/A       2%          2
 Blink                    Tloc           N/A        N/A       3%          2
 Ozocubu's Armour         Ice            49%        N/A       3%          3
 Gell's Gravitas          Tloc           20%        N/A       7%          3
 Lesser Beckoning         Tloc           20%        N/A       7%          3
 Teleport Other           Tloc           41%        N/A       7%          3
 Summon Small Mammal      Summ           80%        N/A       10%         1
 Poisonous Vapours        Pois/Air       52%        N/A       10%         2
 Summon Guardian Golem    Hex/Summ       33%        N/A       12%         3
 Ignite Poison            Fire/Tmut/Pois 26%        N/A       19%         3
 Call Canine Familiar     Summ           20%        N/A       28%         3
 Animate Dead             Necr           50%        N/A       0%          4
 Hailstorm                Conj/Ice       72%        3d15      1%          4
 Leda's Liquefaction      Hex/Erth       33%        N/A       1%          4
 Sticky Flame             Conj/Fire      69%        2d8       1%          4
 Agony                    Necr           100%       N/A       1%          5
 Borgnjor's Vile Clutch   Necr/Erth      46%        N/A       1%          5
 Excruciating Wounds      Necr           50%        N/A       1%          5
 Iskenderun's Battlesphe  Conj           90%        2d14      1%          5
 Lee's Rapid Deconstruct  Erth           41%        3d21*     1%          5
 Fireball                 Conj/Fire      34%        3d14      3%          5
 Simulacrum               Ice/Necr       39%        N/A       4%          6
 Cause Fear               Hex            22%        N/A       16%         4
 Starburst                Conj/Fire      34%        6d10      19%         6
 Conjure Ball Lightning   Conj/Air       34%        3x3d11    24%         6
 Summon Ice Beast         Ice/Summ       35%        N/A       34%         4
 Metabolic Englaciation   Hex/Ice        23%        N/A       36%         5
 Manifold Assault         Tloc           41%        N/A       52%         5
 Silence                  Hex/Air        19%        N/A       58%         5
 Haunt                    Necr/Summ      36%        N/A       58%         7
 Summon Mana Viper        Hex/Summ       33%        N/A       73%         5
 Invisibility             Hex            22%        N/A       94%         6
 Alistair's Intoxication  Tmut/Pois      13%        N/A       95%         5
 Dispersal                Tloc           20%        N/A       98%         6
 Eringya's Noxious Bog    Tmut/Pois      10%        N/A       100%        6
 Monstrous Menagerie      Summ           10%        N/A       100%        7
 Storm Form               Tmut/Air       13%        N/A       100%        7
 Discord                  Hex            22%        N/A       100%        8
 Ignition                 Fire           19%        3d7       100%        8
 Fire Storm               Conj/Fire      34%        8d9       100%        9
 Polar Vortex             Ice            24%        N/A       100%        9


Dungeon Overview and Level Annotations

Branches:
Dungeon (15/15)            Temple (1/1) D:5            Lair (6/6) D:9
 Shoals (4/4) Lair:4        Snake (4/4) Lair:2        Slime (0/5) Lair:5
    Orc (2/2) D:11            Elf (3/3) Orc:2        Vaults (4/5) D:14
  Crypt (0/3) Vaults:3     Depths (0/5) D:15        Volcano (visited)
Gauntlet (visited)

Altars:
Ashenzari
Cheibriados
Dithmenos
Elyvilon
Fedhas
Gozag
Hepliaklqana
Kikubaaqudgha
Makhleb
Nemelex Xobeh
Okawaru
Qazlal
Ru
Sif Muna
Trog
Uskayaw
Vehumet
Wu Jian
Xom
Yredelemnul
Zin
The Shining One
Beogh
Jiyva

Shops:
D:5 !   D:9 *   Orc:2 :[*=[   Elf:1 :   Elf:2 *   Lair:1 [[?=:   Shoals:1 *
Shoals:2 [[=(:   Snake:1 ![   Snake:2 =:=(   Vaults:3 ([

Annotations:
Lair:5 1 runed translucent door
Vaults:3 Mennas


Innate Abilities, Weirdness & Mutations

You have a pair of small antennae on your head.
You have large cloven feet.
Your system is resistant to poisons. (rPois)


Message History

Confirm with . or Enter, or press ? or * to list all spells.
You erupt in a blast of force!
The mystic blast hits Mennas!
Mennas is moderately wounded.
Mennas is knocked back by the mystic blast.
Casting: Iskenderun's Mystic Blast (mildly dangerous; 1% risk of failure)
Confirm with . or Enter, or press ? or * to list all spells.
Aiming: Orb of Destruction (dangerous; 4% risk of failure)
Press: ? - help, Shift-Dir - straight line, f/p - Mennas
Aim: Mennas, wielding a +4 eudemon blade of holy wrath and wearing a +0 tower shield (moderately wounded, haloed) Mennas blocks your orb of destruction.
Your orb of destruction dissipates.
Casting: Orb of Destruction (dangerous; 4% risk of failure)
Confirm with . or Enter, or press ? or * to list all spells.
You erupt in a blast of force!
The mystic blast hits Mennas!!
Mennas is heavily wounded.
Mennas is knocked back by the mystic blast.
Unknown command.
Press: ? - help, v - describe, . - travel
Here: Mennas, wielding a +4 eudemon blade of holy wrath and wearing a +0 tower shield (moderately wounded, haloed)
The floor, spattered with blood.
Unknown command.
Mennas hits you with a +4 eudemon blade of holy wrath!!
You block Mennas's attack.
Mennas gestures frantically.
You resist with almost no effort. Mennas completely misses you.
You riposte.
You miss Mennas.
Mennas is moderately wounded.
Mennas completely misses you.
Mennas gestures frantically.
Mennas's surroundings become eerily quiet.
Mennas hits you with a +4 eudemon blade of holy wrath! x2
Mennas hits you but does no damage.
Mennas hits you with a +4 eudemon blade of holy wrath!
* * * LOW HITPOINT WARNING * * *
Mennas looks to the heavens.
Mennas hits you with a +4 eudemon blade of holy wrath!
* * * LOW HITPOINT WARNING * * *
Mennas hits you with a +4 eudemon blade of holy wrath!
You die...
Your body crumbles into a pile of gold.

..#........# #....>..#
..#........# #.......#
..#........# #.......#
###........# #.......#
#........# #.....).#
###'###############'##
#...................#
#...................#
#.............A@....#
#...#.#.#...#.###...#
#...#.#.#...#...#...#
#...#####...#####...#
#...#.........#.....#
#...#######.#####...#
#.......#...#.......#
##.......###.#.......#
.'.......#.#.#.......#


You could see Mennas (silencing).

Vanquished Creatures
  Margery (Vaults:2)
  Vashnia (Snake:2)
  Xtahua (Vaults:2)
  Nikola (Shoals:4)
  Rupert (D:15)
  Jorgrun (Shoals:1)
  A tentacled monstrosity (Vaults:4)
  Asterion (Snake:2)
  A deep elf master archer (Elf:3)
  The ghost of fortune76 the Slayer, an adept DrBe of Trog (Elf:1)
  3 deep elf blademasters
  Frances (Shoals:2)
  Polyphemus (Shoals:3)
  Kirke (Lair:4)
  Agnes (Snake:4)
  A kraken (Shoals:1)
  2 nagarajas (Snake:4)
  Gastronok (Lair:3)
  Donald (Shoals:1)
  8 deep elf sorcerers
  Ilsuiw (Shoals:4)
  Aizul (Snake:3)
  2 orc warlords
  6 vault wardens
  Louise (Snake:4)
  4 deep elf elementalists (Elf:3)
  3 ironbound preservers
  A war gargoyle (Vaults:3)
  5 very ugly things
  7 deep elf demonologists (Elf:3)
  2 dire elephants (Vaults:1)
  2 entropy weavers
  5 deep elf annihilators
  A minotaur (Gauntlet)
  3 crystal guardians
  6 deep elf death magi (Elf:3)
  5 merfolk javelineers (Shoals:4)
  2 fire dragons
  4 deep elf high priests (Elf:3)
  9 merfolk impalers
  6 naga warriors
  A vault guard (Vaults:3)
  2 great orbs of eyes (Vaults:1)
  3 ironbound thunderhulks
  18 yaktaur captains
  Erolcha (D:11)
  4 boulder beetles
  3 peacekeepers
  8 hydras
  6 ogre magi
  5 alligator snapping turtles
  6 ironbound frosthearts
  4 salamander tyrants
  3 merfolk aquamancers (Shoals:4)
  6 merfolk avatars
  13 centaur warriors
  7 anacondas
  4 catoblepae
  11 death yaks
  2 satyrs (Shoals:3)
  3 orc high priests
  21 two-headed ogres
  A hell hog (Gauntlet)
  A vampire mage (Vaults:3)
  5 ironbound beastmasters
  2 tengu warriors
  7 shock serpents
  18 naga sharpshooters
  Urug (Lair:1)
  4 hell knights (Vaults:2)
  Sonja (Lair:1)
  16 deep elf knights
  3 salamander mystics
  2 goliath frogs (Shoals:3)
  6 skeletal warriors
  7 sea snakes
  13 deep elf archers
  7 naga ritualists
  4 wizards
  11 lindwurms
  8 ironbound convokers
  A phantasmal warrior (D:15)
  Pikel (D:8)
  21 deep elf pyromancers
  21 harpies
  2 necromancers
  13 ugly things
  A stone giant zombie (D:15)
  11 orc knights
  24 deep elf zephyrmancers
  2 orc sorcerers
  A tengu skeleton (D:15)
  6 mana vipers
  An oklob plant (Lair:2)
  6 salamanders
  8 fauns
  20 manticores
  13 elephants
  2 guardian serpents
  4 cyclopes
  56 black mambas
  19 naga magi
  3 water nymphs (Shoals:4)
  7 merfolk sirens
  8 vault sentinels
  A torpor snail (Lair:5)
  A cane toad (shapeshifter) (Elf:2)
  2 gargoyles
  14 cane toads
  2 efreet
  A rime drake (Lair:5)
  An unseen horror (D:11)
  A kobold demonologist (D:11)
  43 yaktaurs
  10 komodo dragons
  A minotaur zombie (Gauntlet)
  A tengu conjurer (Shoals:2)
  A troll (shapeshifter) (D:14)
  20 merfolk
  2 wind drakes (Shoals:1)
  5 trolls
  3 meliai (Lair:5)
  A polar bear (Lair:6)
  A queen bee (Lair:5)
  A jumping spider (Vaults:2)
  26 blink frogs
  11 snapping turtles
  5 dream sheep (Lair:5)
  A spriggan zombie (D:15)
  A meliai zombie (D:10)
  30 slime creatures
  A dancing weapon (D:11)
  2 raiju (Gauntlet)
  3 redbacks
  7 water elementals
  4 vampires
  62 yaks
  4 wraiths
  4 wyverns
  A basilisk (Lair:5)
  2 fire bats (Gauntlet)
  4 fire elementals
  An elf simulacrum (Vaults:2)
  5 hogs (Lair:4)
  9 steam dragons
  2 elf zombies
  3 vampire mosquitoes (D:13)
  Menkaure (D:7)
  3 wargs
  59 nagas
  10 water moccasins
  5 hell hounds
  20 orc warriors
  2 sky beasts
  2 hornet zombies (D:9)
  3 necrophages
  4 black bears
  4 boggarts (Lair:6)
  25 ogres
  14 centaurs
  2 phantoms
  8 wolves
  5 earth elementals
  12 bullfrogs
  A human simulacrum (Vaults:2)
  28 killer bees (Lair:5)
  13 wights
  7 centaur zombies
  7 electric eels
  A bullfrog zombie (D:5)
  A jelly (D:7)
  12 orc priests
  5 centaur skeletons
  Jessica (D:3)
  2 iguanas
  Terence (D:3)
  2 lightning spires (Gauntlet)
  A scorpion zombie (D:5)
  Natasha (thrice) (D:3)
  16 orc wizards
  5 hell rats (Lair:5)
  3 howler monkey zombies
  4 gnolls (D:6)
  4 adders
  A howler monkey skeleton (D:6)
  A shadow imp (D:5)
  A white imp (D:5)
  An ufetubus (D:3)
  2 worms (D:3)
  10 dart slugs
  79 orcs
  3 ball pythons
  4 endoplasms
  2 giant cockroaches
  7 goblins
  11 hobgoblins
  12 kobolds
  4 bats
  3 frilled lizards
  5 rats
1347 creatures vanquished.

Vanquished Creatures (collateral kills)
  Saint Roka (Vaults:3)
  A vault warden (Vaults:3)
  An ironbound preserver (Vaults:3)
  2 ironbound thunderhulks (Vaults:3)
  2 vault guards
  A shadow wraith (Vaults:3)
  An ironbound convoker (Vaults:3)
  2 wizards (Vaults:3)
  3 harpies (Vaults:3)
  2 vault sentinels (Vaults:3)
  A cane toad (Lair:3)
  A yaktaur (Vaults:3)
  A komodo dragon (Lair:3)
  A jumping spider (Vaults:3)
  2 redbacks (Vaults:3)
  4 orc warriors
  2 bullfrogs (Lair:3)
  2 orc priests
  An orc wizard (Vaults:3)
  2 orcs (Vaults:3)
33 creatures vanquished.

Vanquished Creatures (others)
  An anaconda (Snake:4)
  2 deep elf zephyrmancers
  31 dancing weapons
  A human (Lair:4)
  A water elemental (D:15)
  2 orc warriors (Elf:2)
  2 bushes
  2 demonic plants (Gauntlet)
  107 fulminant prisms
  59 fungi
  229 plants
  6 tentacles (Shoals:1)
  16 toadstools (Lair:2)
  10 withered plants
469 creatures vanquished.

Grand Total: 1849 creatures vanquished

Notes
Turn   | Place    | Note
-------+----------+-------------------------------------------
     0 | D:1      | bnorton916 the Deep Elf Conjurer began the quest for the
                  | Orb.
     0 | D:1      | Reached XP level 1. HP: 10/10 MP: 6/6
   220 | D:1      | You fall into a shaft and drop 1 floor!
   254 | D:2      | Reached XP level 2. HP: 15/15 MP: 5/8
   420 | D:2      | Learned a level 2 spell: Searing Ray
   711 | D:2      | Reached skill level 5 in Conjurations
   711 | D:2      | Reached XP level 3. HP: 19/19 MP: 5/10
  1212 | D:3      | Noticed Natasha
  1218 | D:3      | Killed Natasha
  1219 | D:3      | Reached XP level 4. HP: 15/24 MP: 3/12
  1653 | D:3      | Noticed Terence
  1658 | D:3      | Killed Terence
  1659 | D:3      | Reached skill level 5 in Spellcasting
  1747 | D:3      | Found a shimmering altar of Xom.
  1895 | D:3      | Noticed Natasha
  1898 | D:3      | Killed Natasha
  1899 | D:3      | Reached XP level 5. HP: 28/28 MP: 10/15
  2099 | D:3      | Noticed Jessica
  2103 | D:3      | Killed Jessica
  2525 | D:3      | Noticed Natasha
  2530 | D:3      | Killed Natasha
  3169 | D:4      | Reached XP level 6. HP: 32/32 MP: 14/17
  3901 | D:5      | Entered Level 5 of the Dungeon
  4169 | D:5      | Found a staircase to the Ecumenical Temple.
  4234 | Temple   | Entered the Ecumenical Temple
  4546 | Temple   | Became a worshipper of Gozag Ym Sagoz the Greedy
  4590 | D:5      | Found Tipheiva's Distillery.
  5049 | D:5      | Reached XP level 7. HP: 36/36 MP: 15/19
  5477 | D:6      | Noticed a yak
  5478 | D:6      | Noticed a vampire mosquito
  5672 | D:5      | Bought a potion of curing for 39 gold pieces
  5672 | D:5      | Bought a potion of lignification for 39 gold pieces
  5672 | D:5      | Bought a potion of degeneration for 13 gold pieces
  5672 | D:5      | Bought a potion of resistance for 130 gold pieces
  5672 | D:5      | Bought a potion of brilliance for 52 gold pieces
  6477 | D:6      | Identified the +0 leather armour of the Turtledove {+Inv
                  | Str+3}
  6858 | D:6      | Identified the +3 quarterstaff "Q" {venom, +Rage Dex+4}
  7031 | D:6      | Reached XP level 8. HP: 36/41 MP: 16/23
  7105 | D:6      | Learned a level 4 spell: Fulminant Prism
  7110 | D:6      | Learned a level 4 spell: Iskenderun's Mystic Blast
  7131 | D:6      | Reached skill level 1 in Hexes
  7131 | D:6      | Reached skill level 1 in Translocations
  7222 | D:6      | Reached skill level 1 in Shields
  7783 | D:7      | Noticed Menkaure
  7789 | D:7      | Killed Menkaure
  7813 | D:7      | Reached skill level 1 in Armour
  8379 | D:7      | Learned a level 3 spell: Tukima's Dance
  8493 | D:7      | Reached XP level 9. HP: 45/45 MP: 10/24
  8522 | D:7      | Identified the +2 chain mail of Sin {rElec rC+ Int+3 Dex+4}
  9380 | D:8      | Reached skill level 1 in Fighting
  9745 | D:8      | Noticed Pikel
  9752 | D:8      | Killed Pikel
  9753 | D:8      | Reached skill level 1 in Evocations
 10417 | D:8      | Reached XP level 10. HP: 51/56 MP: 18/25
 10431 | D:8      | Reached skill level 5 in Stealth
 11110 | D:8      | Noticed a death knight
 11111 | D:8      | Noticed a cyclops
 11353 | D:9      | Reached skill level 5 in Dodging
 11485 | D:9      | Learned a level 5 spell: Lee's Rapid Deconstruction
 11983 | D:9      | Reached skill level 1 in Earth Magic
 12133 | D:9      | Found a staircase to the Lair.
 12165 | D:9      | Bought a scroll labelled QAZ MANOJAESI for 24 gold pieces
 12165 | D:9      | Bought a scroll labelled VAHOLU GEPATUGH for 24 gold pieces
 12165 | D:9      | Bought a golden potion for 21 gold pieces
 12167 | D:9      | Identified a scroll of acquirement
 12167 | D:9      | Acquired a +2 hat of willpower
 12217 | D:9      | Reached skill level 10 in Spellcasting
 12491 | D:9      | Noticed a manticore
 12501 | D:9      | Killed a manticore
 13048 | D:9      | Identified the +9 mace "Jellybane" {elec, rF+ Int+4 Dex+6}
 13146 | D:10     | Entered Level 10 of the Dungeon
 13233 | D:10     | Reached XP level 11. HP: 61/61 MP: 16/27
 13545 | D:10     | Reached skill level 5 in Earth Magic
 14342 | D:11     | Noticed a white ugly thing
 14987 | D:11     | Killed a white ugly thing
 15145 | D:11     | Found a staircase to the Orcish Mines.
 15168 | D:11     | Noticed a boulder beetle
 15347 | D:11     | Noticed Erolcha
 15354 | D:11     | Killed Erolcha
 15764 | D:11     | Identified the +0 pair of boots of Grot {MP+9 Dex+4}
 16698 | D:12     | Reached skill level 10 in Earth Magic
 17186 | D:12     | Noticed a boulder beetle
 17489 | D:12     | You fall into a shaft and drop 2 floors!
 17518 | D:14     | Noticed a boulder beetle
 17559 | D:14     | Killed a boulder beetle
 17799 | D:13     | Noticed a skeletal warrior
 17799 | D:13     | Noticed a skeletal warrior
 17799 | D:13     | Noticed a skeletal warrior
 17799 | D:13     | Noticed a green ugly thing
 17799 | D:13     | Noticed a cyan ugly thing
 18120 | D:11     | Killed a green ugly thing
 18855 | D:12     | Found an ancient bone altar of Kikubaaqudgha.
 18877 | D:12     | Acquired the Reference Book on Twisted Earth
 18883 | D:12     | Learned a level 3 spell: Stone Arrow
 19016 | D:12     | Noticed a two-headed ogre
 19021 | D:12     | Killed a two-headed ogre
 19244 | D:11     | Killed a boulder beetle
 19245 | D:11     | Reached XP level 12. HP: 33/66 MP: 10/28
 19447 | Lair:1   | Entered Level 1 of the Lair of Beasts
 19734 | Lair:1   | Found a dark tunnel.
 19780 | Volcano  | Entered a volcano
 20780 | Volcano  | Noticed a fire dragon
 20795 | Volcano  | Killed a fire dragon
 21246 | Lair:1   | Noticed Sonja
 21256 | Lair:1   | Killed Sonja
 21511 | Lair:1   | Identified the +8 falchion of the Lame Duck {flame, rElec
                  | rC- Str+2 Stlth+}
 21749 | Lair:1   | Bought Mazurri's Reference Book on Arcane Weapons for 570
                  | gold pieces
 21757 | Lair:1   | Learned a level 6 spell: Iron Shot
 21766 | Lair:1   | Learned a level 7 spell: Orb of Destruction
 22261 | Lair:2   | You fall into a shaft and drop 2 floors!
 22272 | Lair:4   | Identified the +7 scimitar of Greed {vorpal, Fly rElec
                  | Str+7}
 22340 | Lair:4   | Reached skill level 10 in Conjurations
 22368 | Lair:4   | Found a gate leading to a gauntlet.
 22386 | Gauntlet | Entered a Gauntlet
 22386 | Gauntlet | Found a transporter.
 22386 | Gauntlet | Found a transporter.
 22390 | Gauntlet | Learned a level 2 spell: Poisonous Vapours
 22394 | Gauntlet | Found a transporter.
 22394 | Gauntlet | Found a transporter.
 22397 | Gauntlet | Found a transporter.
 22405 | Gauntlet | Noticed a hell hog
 22407 | Gauntlet | Found a transporter.
 22473 | Gauntlet | Found a transporter.
 22487 | Gauntlet | Found a transporter.
 22498 | Gauntlet | Found a transporter.
 22508 | Gauntlet | Found a transporter.
 22523 | Gauntlet | Found a transporter.
 22529 | Gauntlet | Found a transporter.
 22930 | Gauntlet | Identified the amulet "Jeus" {Harm *Slow Regen+ Dex+6
                  | Stlth+}
 23084 | Gauntlet | Killed a hell hog
 23200 | Gauntlet | Noticed a minotaur
 23204 | Gauntlet | Killed a minotaur
 23211 | Gauntlet | Got the Incunabulum of Cold and Flames
 23242 | Gauntlet | Reached skill level 5 in Armour
 23495 | Lair:4   | Reached XP level 13. HP: 52/70 MP: 24/29
 25638 | Lair:2   | Found a blossoming altar of Fedhas.
 26222 | Lair:2   | Found a staircase to the Snake Pit.
 27353 | Lair:3   | Noticed Gastronok
 27359 | Lair:3   | Killed Gastronok
 27950 | Lair:4   | Noticed Kirke
 28295 | Lair:4   | Killed Kirke
 29757 | Lair:4   | Found a staircase to the Shoals.
 30241 | Lair:4   | Reached XP level 14. HP: 76/76 MP: 13/30
 31463 | Lair:5   | Learned a level 5 spell: Freezing Cloud
 31492 | Lair:5   | Reached skill level 15 in Conjurations
 31778 | Lair:5   | Reached skill level 1 in Ice Magic
 31807 | Lair:5   | Reached skill level 1 in Air Magic
 31936 | Lair:5   | Found a runed translucent door.
 31936 | Lair:5   | Found a viscous altar of Jiyva.
 31937 | Lair:5   | Found a staircase to the Slime Pits.
 31937 | Lair:5   | Noticed an acid blob
 31944 | Lair:5   | Identified the +8 plate armour of the Sacrificial Victim
                  | {Dex+4}
 33735 | Lair:6   | Entered Level 6 of the Lair of Beasts
 34357 | Lair:6   | Reached skill level 5 in Ice Magic
 36834 | Lair:6   | Found the +13 scythe of Curses {drain, Drain}
 37559 | Lair:1   | Bought 2 scrolls of magic mapping for 98 gold pieces
 37559 | Lair:1   | Bought a scroll of magic mapping for 49 gold pieces
 37559 | Lair:1   | Bought a scroll of teleportation for 42 gold pieces
 37559 | Lair:1   | Bought a scroll of teleportation for 42 gold pieces
 37559 | Lair:1   | Bought a scroll of acquirement for 728 gold pieces
 37559 | Lair:1   | Acquired 692 gold pieces
 37637 | Orc:1    | Entered Level 1 of the Orcish Mines
 37710 | Orc:1    | Reached skill level 1 in Throwing
 37710 | Orc:1    | Reached XP level 15. HP: 63/80 MP: 19/31
 38174 | Orc:2    | Entered Level 2 of the Orcish Mines
 39317 | Orc:2    | Reached skill level 5 in Throwing
 39321 | Orc:2    | Paralysed by an ogre mage for 6 turns
 40502 | Orc:2    | Found Apnuporo's Antique Armour Emporium.
 40502 | Orc:2    | Found Taongi's Book Boutique.
 40508 | Orc:2    | Found Naulatzo's Armour Shop.
 40508 | Orc:2    | Found Jounnump's Jewellery Emporium.
 40529 | Orc:2    | Found a staircase to the Elven Halls.
 40814 | Orc:2    | Found Ilerastos's Incredible Inventory.
 41077 | Orc:2    | Bought a manual of Stealth for 1200 gold pieces
 41081 | Orc:2    | Bought a runed cloak for 195 gold pieces
 41081 | Orc:2    | Bought an ichor-stained leather armour for 182 gold pieces
 41081 | Orc:2    | Identified the +2 leather armour of the Morning {MP+9 Str-3
                  | SInv Stlth+} (You bought it in a shop on level 2 of the
                  | Orcish Mines)
 41634 | Snake:1  | Entered Level 1 of the Snake Pit
 42747 | Snake:1  | Found Neisoer's Distillery.
 42755 | Snake:1  | Bought a potion of mutation for 128 gold pieces
 42755 | Snake:1  | Bought a potion of mutation for 128 gold pieces
 42755 | Snake:1  | Bought 2 potions of mutation for 256 gold pieces
 42755 | Snake:1  | Bought a potion of haste for 160 gold pieces
 43423 | Snake:1  | Reached skill level 10 in Throwing
 43810 | Snake:1  | Found Goffion's Antique Armour Boutique.
 44223 | Snake:1  | Reached skill level 10 in Stealth
 44437 | Snake:2  | Noticed Vashnia
 44446 | Snake:2  | Found Wiud's Antique Weapon Shop.
 45529 | Snake:2  | Found a shadowy altar of Dithmenos.
 45993 | Snake:2  | Reached XP level 16. HP: 49/84 MP: 32/32
 46541 | Snake:2  | HP: 3/84 [naga sharpshooter/arrow[Vashnia] (11)]
 47924 | Snake:2  | Killed Vashnia
 48336 | Snake:2  | Noticed Asterion
 48345 | Snake:2  | Killed Asterion
 48504 | Snake:2  | Found Jeimif's Jewellery Emporium.
 48505 | Snake:2  | Found Wowitofe's Book Shop.
 48507 | Snake:2  | Found Ulaid's Jewellery Emporium.
 48526 | Snake:2  | Bought a manual of Necromancy for 1040 gold pieces
 48656 | Snake:3  | Reached skill level 1 in Necromancy
 48668 | Snake:3  | Reached skill level 2 in Necromancy
 48965 | Snake:3  | Reached skill level 3 in Necromancy
 49459 | Snake:3  | Reached skill level 4 in Necromancy
 50021 | Snake:3  | Reached skill level 5 in Necromancy
 50916 | Snake:3  | Reached skill level 6 in Necromancy
 51583 | Snake:3  | Reached skill level 15 in Stealth
 51864 | Snake:3  | Reached skill level 7 in Necromancy
 52360 | Snake:3  | Reached skill level 8 in Necromancy
 52489 | Snake:3  | Noticed Aizul
 52498 | Snake:3  | Killed Aizul
 52921 | Snake:4  | Entered Level 4 of the Snake Pit
 53459 | Snake:4  | Reached skill level 9 in Necromancy
 53942 | Snake:4  | Reached skill level 10 in Necromancy
 54896 | Snake:4  | Reached skill level 11 in Necromancy
 55337 | Snake:4  | Noticed Agnes
 55340 | Snake:4  | Killed Agnes
 55811 | Snake:4  | Reached XP level 17. HP: 88/88 MP: 33/33
 56077 | Snake:4  | Reached skill level 12 in Necromancy
 56850 | Snake:4  | Reached skill level 13 in Necromancy
 57375 | Snake:4  | Reached skill level 14 in Necromancy
 58189 | Snake:4  | Noticed Louise
 58197 | Snake:4  | Killed Louise
 58198 | Snake:4  | Reached skill level 15 in Necromancy
 59093 | Snake:4  | Got a serpentine rune of Zot
 61706 | D:14     | Identified the +5 hunting sling "Retadgh Wypp" {freeze,
                  | rPois rC- Will+}
 62033 | D:14     | Found a gate to the Vaults.
 62197 | D:14     | Identified the +1 robe of Untruth {-Cast rElec Str+4}
 62212 | D:14     | Found a hide-covered altar of Uskayaw.
 62819 | D:15     | Entered Level 15 of the Dungeon
 64346 | D:15     | Found a staircase to the Depths.
 65058 | D:15     | Noticed Rupert
 65082 | D:15     | Identified the +5 scale mail of Depression {Int+4}
 65284 | D:15     | Killed Rupert
 65641 | Lair:1   | Bought a fine leather armour for 252 gold pieces
 65641 | Lair:1   | Identified the +3 leather armour of Hopscotch {-Tele rCorr
                  | Int+3} (You bought it in a shop on level 1 of the Lair of
                  | Beasts)
 65909 | Shoals:1 | Entered Level 1 of the Shoals
 65936 | Shoals:1 | Found Lomerph's Assorted Antiques.
 65945 | Shoals:1 | Bought a vibrating steel ring for 85 gold pieces
 65945 | Shoals:1 | Identified the ring of the Suburbs {rCorr Str-2 Int+4 SInv}
                  | (You bought it in a shop on level 1 of the Shoals)
 66428 | Shoals:1 | Reached skill level 10 in Armour
 66660 | Shoals:1 | Noticed a kraken
 66667 | Shoals:1 | Killed a kraken
 66890 | Shoals:1 | Noticed Jorgrun
 66904 | Shoals:1 | Killed Jorgrun
 67151 | Shoals:1 | Noticed Donald
 67156 | Shoals:1 | Killed Donald
 67462 | Shoals:2 | Found Gekaese's Armour Shop.
 67550 | Shoals:2 | Found Heroeret's Jewellery Shoppe.
 67654 | Shoals:2 | Found Nukkul's Antique Weapon Emporium.
 67888 | Shoals:2 | Bought a scorched dagger for 112 gold pieces
 67888 | Shoals:2 | Identified the +3 dagger "Mauwastru" {speed, Will- rCorr
                  | Str+8 SInv} (You bought it in a shop on level 2 of the
                  | Shoals)
 68137 | Shoals:2 | Found Duulyek's Book Emporium.
 68314 | Shoals:2 | Reached XP level 18. HP: 94/94 MP: 34/34
 68397 | Shoals:2 | Found Zoek's Antique Armour Shop.
 68398 | Shoals:2 | Noticed Frances
 68406 | Shoals:2 | Killed Frances
 68631 | Shoals:2 | Bought a pair of glowing boots for 202 gold pieces
 68631 | Shoals:2 | Bought a shiny helmet for 202 gold pieces
 68793 | Shoals:2 | Reached skill level 5 in Fighting
 69854 | Shoals:3 | Noticed Polyphemus
 70316 | Shoals:3 | Killed Polyphemus
 70971 | Shoals:3 | Identified the +7 rapier "Woacocsaid" {holy, rCorr MP-9
                  | Dex+9 SInv}
 71149 | Shoals:4 | Entered Level 4 of the Shoals
 71149 | Shoals:4 | Noticed Nikola
 71153 | Shoals:4 | Killed Nikola
 71222 | Shoals:4 | Identified the amulet "Xeoseteu" {RegenMP rF++ rN++ Str-5}
 72117 | Shoals:4 | Identified the amulet "Esikhloich" {Spirit -Cast rF- SInv
                  | Stlth+}
 72770 | Shoals:4 | Identified the +5 ring mail of Shrieking the Good {*Corrode
                  | rElec rC+ Int+7}
 72829 | Shoals:4 | Identified the +0 chain mail of the Armadillo {Rampage
                  | rPois rF-}
 73053 | Shoals:4 | Noticed Ilsuiw
 73059 | Shoals:4 | Killed Ilsuiw
 73556 | Shoals:4 | Reached skill level 10 in Fighting
 74512 | Shoals:4 | Got a barnacled rune of Zot
 75263 | Lair:1   | Bought the ring "Edakefunki" {rPois rF+ Will+ Str-2 SInv}
                  | for 752 gold pieces
 75463 | Snake:2  | Bought a book of Death for 572 gold pieces
 75592 | Lair:1   | Noticed Urug
 75595 | Lair:1   | Killed Urug
 75724 | Elf:1    | Entered Level 1 of the Elven Halls
 77435 | Elf:1    | Reached skill level 16 in Necromancy
 77435 | Elf:1    | Reached XP level 19. HP: 113/113 MP: 36/36
 77448 | Elf:1    | Identified the +0 scale mail "Vongios" {rC- rN+ Will+++
                  | Dex+2}
 78319 | Elf:1    | Found Veeceesh's Book Boutique.
 79295 | Elf:2    | Learned a level 8 spell: Infestation
 80164 | Elf:2    | Found a runed translucent gate.
 80214 | Elf:2    | Found a runed translucent gate.
 80214 | Elf:2    | Found a runed translucent gate.
 80466 | Elf:2    | Found Adeghim's General Store.
 80474 | Elf:2    | Bought a scroll of magic mapping for 52 gold pieces
 80474 | Elf:2    | Bought a scroll of magic mapping for 52 gold pieces
 80474 | Elf:2    | Bought a scroll of teleportation for 45 gold pieces
 80474 | Elf:2    | Bought a potion of mutation for 120 gold pieces
 81148 | Elf:2    | Reached skill level 17 in Necromancy
 82840 | Elf:3    | Entered Level 3 of the Elven Halls
 83203 | Elf:3    | Found a runed translucent gate.
 83204 | Elf:3    | Found a runed translucent gate.
 83520 | Elf:3    | Found a runed translucent gate.
 83535 | Elf:3    | Noticed fortune76's ghost (adept DrBe)
 84172 | Elf:1    | Learned a level 4 spell: Dispel Undead
 84197 | Elf:1    | Killed fortune76's ghost
 84700 | Elf:3    | Reached skill level 18 in Necromancy
 84752 | Elf:3    | Noticed a Brimstone Fiend
 86104 | Elf:3    | Identified the ring "Vacosola" {rPois rF+ Will+}
 86421 | Elf:3    | Identified the +5 glaive "Duttaesm" {drain, Str+2}
 86421 | Elf:3    | Identified the ring "Baerchusa" {rElec AC+4}
 86430 | Elf:3    | Reached skill level 19 in Necromancy
 86732 | Elf:3    | Reached XP level 20. HP: 74/118 MP: 1/40
 87703 | Elf:3    | Identified the amulet "Peapt" {RegenMP rN+ rCorr Slay-3}
 88124 | Elf:3    | Identified the +1 scimitar of Goon {vorpal, Str+3}
 88629 | Elf:3    | Reached skill level 20 in Necromancy
 89166 | Elf:3    | Identified the +0 pair of boots of Pimnuki {Int+3}
 89172 | Elf:3    | Got the Tome of Malediction
 89174 | Elf:3    | Got the Tome of Freezing Bewitchment
 89599 | Elf:3    | Reached skill level 1 in Polearms
 90122 | Lair:1   | Bought a pair of glowing gloves for 240 gold pieces
 90122 | Lair:1   | Bought a shiny helmet for 240 gold pieces
 90154 | Lair:1   | Gained mutation: You are clumsy. (Dex -2) [potion of
                  | mutation]
 90154 | Lair:1   | Gained mutation: Your mind is acute. (Int +2) [potion of
                  | mutation]
 90155 | Lair:1   | Lost mutation: You are clumsy. (Dex -2) [potion of
                  | mutation]
 90155 | Lair:1   | Lost mutation: Your mind is acute. (Int +2) [potion of
                  | mutation]
 90155 | Lair:1   | Gained mutation: You have a pair of small antennae on your
                  | head. [potion of mutation]
 90155 | Lair:1   | Gained mutation: Your muscles are strong. (Str +2) [potion
                  | of mutation]
 90155 | Lair:1   | Gained mutation: You have large cloven feet. [potion of
                  | mutation]
 90155 | Lair:1   | Gained mutation: You evolve. [potion of mutation]
 90771 | Vaults:1 | Entered Level 1 of the Vaults
 91027 | Vaults:1 | Reached skill level 5 in Evocations
 91269 | Vaults:1 | Identified the -1 pair of gloves of Bitterness {rC+ rCorr
                  | SInv}
 93242 | Vaults:1 | Lost mutation: Your muscles are strong. (Str +2)
                  | [evolution]
 93257 | Vaults:1 | You are sucked into a shaft and drop 1 floor!
 94822 | Vaults:2 | Reached skill level 5 in Polearms
 96288 | Vaults:2 | Noticed Xtahua
 96314 | Vaults:2 | Killed Xtahua
 97024 | Vaults:2 | Noticed Margery
 97030 | Vaults:2 | Killed Margery
 97031 | Vaults:2 | Reached skill level 10 in Evocations
 97394 | Vaults:2 | Reached skill level 21 in Necromancy
 99139 | Vaults:2 | Reached XP level 21. HP: 117/123 MP: 21/41
100968 | Vaults:3 | Found a staircase to the Crypt.
102870 | Vaults:3 | Reached skill level 22 in Necromancy
103227 | Vaults:3 | Noticed Saint Roka
103238 | Vaults:3 | Killed Saint Roka
103739 | Vaults:3 | Found Arile's Antique Weapon Emporium.
104087 | Vaults:3 | Bought a shimmering short sword for 304 gold pieces
104087 | Vaults:3 | Identified the +7 short sword "Douhas" {vorpal, rPois rC-
                  | Str+5} (You bought it in a shop on level 3 of the Vaults)
104819 | Elf:1    | Bought the Papyrus of Fascination and Attacks for 672 gold
                  | pieces
105069 | Vaults:3 | Learned a level 1 spell: Foxfire
105270 | Vaults:3 | Found Reejoher's Antique Armour Boutique.
105381 | Vaults:3 | Reached skill level 1 in Fire Magic
107040 | Vaults:4 | Noticed Mennas
107450 | Vaults:3 | Gained mutation: Your system is resistant to poisons.
                  | (rPois) [evolution]
107450 | Vaults:3 | Lost mutation: You evolve. [end of evolution]
107695 | Vaults:3 | Slain by Mennas

Illustrated notes

Levels and vault maps discovered:
D:1:      wander_arrival_estate, layout_basic,
          hellmonk_ecumenical_altar_leap_of_faith, corexii_leaking_fountain,
          minmay_ruptured
D:2:      layout_loops_ring
D:3:      layout_basic, mainiacjoe_overflow_tiny_flanked, uniq_terence,
          uniq_jessica, uniq_natasha
D:4:      kennysheep_slugbush, layout_rooms
D:5:      layout_basic, minmay_temple_entry_large_hall, serial_shops,
          nicolae_take_the_stairs
D:6:      corexii_shantytown, layout_basic, lightli_corner_chamber
D:7:      layout_cave_pools, minmay_bent, uniq_menkaure
D:8:      layout_rooms, special_room [special_room_orc],
          onia_ninara_dug_in_and_dangerous, uniq_pikel
D:9:      layout_irregular_city, lair_entry_dummy, grunt_ministairs_8
D:10:     layout_irregular_city, minmay_misc_feat_iff
D:11:     layout_basic, serial_rivers, chequers_serial_rivers_micro_e,
          chequers_serial_rivers_marsh, chequers_serial_rivers_micro_e,
          chequers_serial_rivers_small_b, chequers_serial_rivers_small_3,
          chequers_serial_rivers_small_a, minivault_23, uniq_erolcha
D:12:     layout_loops_ring, kiku_gazebo_garden_becter
D:13:     layout_irregular_city
D:14:     layout_loops_ring, hangedman_vaults_entry_quadrant_bands,
          nicolae_uskayaw_murder_on_the_dancefloor
D:15:     gammafunk_depths_entry_grave, layout_rooms, chequers_big_river,
          uniq_rupert
Temple:   roderic_octagonal_lattice_temple
Lair:1:   layout_roguey, nicolae_volcano_entry_vermiform, uniq_sonja, uniq_urug
Lair:2:   layout_chaotic_city, guppyfry_snake_entry_garden, tgw_fedhas
Lair:3:   layout_chaotic_city, serial_rivers, chequers_serial_rivers_micro_d,
          chequers_serial_rivers_room_b, chequers_serial_rivers_small_a,
          chequers_serial_rivers_large_a, grunt_forest_small_clearings,
          uniq_gastronok
Lair:4:   layout_regular_city, minmay_shoals_entry_hut, gauntlet_entry_generic,
          grunt_megastairs_2, lemuel_fruit_fields, uniq_kirke
Lair:5:   regret_index_wax_grids, layout_regular_city, slime_altar_2,
          serial_bayou_pond_c
Lair:6:   evilmike_catoblepas_cave, layout_hall_layers,
          nicolae_quartered_pool_super, kilobyte_rumbling_trees
Shoals:1: layout_shoals, serial_shops, shop, uniq_jorgrun, uniq_donald
Shoals:2: layout_shoals, serial_shops, nicolae_shop_waterfront,
          nicolae_stop_n_shop_2, shop, nicolae_shop_window_shopping,
          nicolae_shop_stone, kb_tengu_band, uniq_frances
Shoals:3: layout_shoals, nicolae_shoals_goliath_grotto, uniq_polyphemus
Shoals:4: shoals_end_simple, layout_shoals, shoals_ilsuiw_ice, uniq_nikola
Snake:1:  layout_basic, serial_shops, nicolae_square_shop, grunt_ministairs_9,
          minmay_shop_star
Snake:2:  layout_rooms, basic_altar, serial_shops, shop, minmay_shop_grove,
          uniq_vashnia, uniq_asterion
Snake:3:  layout_rooms, guppyfry_snake_island, uniq_aizul
Snake:4:  minmay_snake_end_coiled, layout_gridlike, hangedman_venom_bottle,
          uniq_agnes, uniq_louise
Orc:1:    layout_diamond_mine
Orc:2:    st_orc_ogre_mass, layout_caves, nicolae_alphabet_shops,
          nicolae_orc_flooded_monolith, mines1_david
Elf:1:    nicolae_elf_arrival_no_cutting_in_line, layout_geoelf_diagonals,
          serial_shops, shop, minmay_elf_crystal_hexagon,
          minmay_checkered_concentric_circles
Elf:2:    nicolae_elf_blades_splatter_lattice
          [nicolae_blade_entry_diamond_columns], layout_gridlike, special_room
          [special_room_orc], serial_shops, shop, nicolae_elf_big_sculpture_1,
          serial_sigils_hangedman_quiver, minmay_misc_feat_ornament
Elf:3:    minmay_elf_hall_curves, layout_onion_city, gammafunk_ghost_split
Vaults:1: v_pattern_5, nicolae_vaults_circle_grid_a, vaults_dpeg_cross,
          v_misc_25, hangedman_vaults_stagger, nicolae_vaults_mini_display_case,
          dpeg_vaults_monster_row, v_alt_pattern_1, ontoclasm_vaults_ring_small,
          hangedman_vaults_maws, vaults_dpeg_hooks, layout_vaults_omnicross
Vaults:2: v_misc_13, ontoclasm_vaults_chip, vaults_dpeg_diagonal,
          nicolae_vaults_angled_halls, ontoclasm_vaults_shout,
          vaults_room_boxed, nicolae_vaults_little_squares_3,
          ontoclasm_vaults_hangar, nicolae_vaults_theta, v_misc_16,
          vaults_room_fours, ontoclasm_vaults_shuriken,
          nicolae_vaults_little_squares_6, layout_vaults_big_room, uniq_margery,
          uniq_xtahua
Vaults:3: vaults_mumra_minichess_inversion, minmay_crypt_entry_vampire_xt,
          hangedman_vaults_locks, nicolae_vaults_little_squares_1,
          hangedman_vaults_corner, nicolae_vaults_circle_grid_b,
          nicolae_vaults_network_quincunx
          [nicolae_vaults_network_quincunx_subvault,
          nicolae_vaults_network_quincunx_subvault,
          nicolae_vaults_network_quincunx_subvault,
          nicolae_vaults_network_quincunx_subvault,
          nicolae_vaults_network_quincunx_subvault], dpeg_vaults_monster_box,
          v_pattern_4, st_spiral_rooms, layout_vaults_omnibox, serial_shops,
          shop, nicolae_shop_trees, uniq_saint_roka
Vaults:4: ontoclasm_vaults_chip, vaults_room_pool, vaults_room_door_hall,
          nicolae_vaults_little_squares_4, vaults_mumra_chevron_long,
          vaults_room_door_ring, v_misc_27, grunt_vaults_twisty,
          layout_vaults_ring, uniq_mennas

Skill      XL: |  1  2  3  4  5  6  7  8  9 10 11 12 13 14 15 16 17 18 19 20 21 |
---------------+----------------------------------------------------------------+-----
Spellcasting   | 4 5 6 7 9 10 11 14 | 14.2
Conjurations   | 5 6 7 8 9 10 14 17 | 17.9
Hexes          | 4 |  4.3
Translocations | 3 |  3.6
Shields        | 3 4 |  4.0
Armour         | 2 4 5 7 11 | 11.0
Fighting       | 4 10 | 10.4
Evocations     | 4 10 11 | 11.0
Stealth        | 3 5 12 16 | 16.8
Dodging        | 6 |  6.0
Earth Magic    | 4 11 14 | 14.7
Ice Magic      | 5 |  5.0
Air Magic      | 2 |  2.0
Throwing       | 1 11 14 | 14.0
Necromancy     | 11 15 16 19 21 22 | 22.8
Polearms       | 7 8 |  8.7
Fire Magic     | 3 |  3.1

Action                   |  1- 3 |  4- 6 |  7- 9 | 10-12 | 13-15 | 16-18 | 19-21 || total
-------------------------+-------+-------+-------+-------+-------+-------+-------++-------
Melee: Staff             |       |       |       |    17 |    47 |     4 |       ||    68
       Scimitar          |       |       |       |       |       |    13 |    49 ||    62
Throw: Javelin           |       |       |       |       |       |     6 |    15 ||    21
 Cast: Magic Dart        |    44 |   118 |   137 |    85 |    42 |    10 |     6 ||   442
       Searing Ray       |     1 |    11 |    59 |    78 |    34 |    11 |     2 ||   196
       Fulminant Prism   |       |       |    10 |    50 |    25 |    16 |     7 ||   108
       Iskenderun's Myst |       |       |     2 |    56 |    39 |    40 |    53 ||   190
       Tukima's Dance    |       |       |     1 |     6 |     1 |     2 |     5 ||    15
       Stone Arrow       |       |       |       |    22 |    34 |       |       ||    56
       Iron Shot         |       |       |       |     5 |   301 |   265 |   343 ||   914
       Orb of Destructio |       |       |       |       |    11 |   207 |   163 ||   381
       Freezing Cloud    |       |       |       |       |    11 |    53 |    50 ||   114
       Dispel Undead     |       |       |       |       |       |       |     3 ||     3
       Poisonous Vapours |       |       |       |       |       |       |     2 ||     2
       Infestation       |       |       |       |       |       |       |     6 ||     6
Invok: Call Merchant     |       |       |       |     2 |     1 |     2 |     1 ||     6
Evoke: Wand              |       |       |       |     4 |       |     2 |     7 ||    13
  Use: Scroll            |       |       |    10 |    18 |    10 |     9 |     6 ||    53
       Potion            |       |       |       |       |       |     3 |     6 ||     9
 Stab: Distracted        |       |       |       |       |       |       |     1 ||     1
Armor: Robe              |     4 |     4 |    14 |       |       |       |       ||    22
       Leather armour    |       |       |       |    42 |    39 |    59 |       ||   140
       Pearl dragon scal |       |       |       |       |       |    14 |   124 ||   138
       Ring mail         |       |       |       |       |       |    10 |       ||    10
Dodge: Dodged            |     9 |    14 |    22 |   111 |   152 |   237 |   289 ||   834
       Repelled          |       |       |       |       |       |     3 |    13 ||    16
Block: Buckler           |       |       |       |    30 |    56 |    97 |    95 ||   278
       Rpst.: Scimitar   |       |       |       |     1 |       |     8 |    26 ||    35
